 Dungeon Crawl Stone Soup version 0.24.0-37-gcf1ca852f1 (webtiles) character file.

Game seed: 385510225971400951, levelgen mode: deterministic

695 epix the Shield-Bearer (level 7, -7/60 HPs)
             Began as a Hill Orc Fighter on Nov 25, 2019.
             Was a Follower of Kikubaaqudgha.
             Mangled by Menkaure (9 damage)
             ... on level 5 of the Dungeon.
             The game lasted 00:39:37 (7144 turns).

epix the Shield-Bearer (Hill Orc Fighter)           Turns: 7144, Time: 00:39:38

Health: -7/60      AC: 11    Str: 21    XL:     7   Next: 64%
Magic:  7/7        EV:  8    Int: 11    God:    Kikubaaqudgha [*.....]
Gold:   242        SH: 10    Dex: 10    Spells: 6/6 levels left

rFire    . . .     SeeInvis .   M - +0 long sword (holy)
rCold    . . .     Gourm    .   c - +0 shield
rNeg     . . .     Faith    .   b - +0 scale mail
rPois    .         Spirit   .   y - +1 helmet {Int+3}
rElec    .         Reflect  .   E - +0 cloak
rCorr    .         Harm     .   K - +0 pair of gloves
MR       .....                  (no boots)
Stlth    ..........             (no amulet)
HPRegen  0.20/turn              (no ring)
MPRegen  0.10/turn              (no ring)

@: no status effects
A: no striking features
a: Receive Corpses, Renounce Religion


You were on level 5 of the Dungeon.
You worshipped Kikubaaqudgha.
Kikubaaqudgha was aware of your devotion.
You were not hungry.

You visited 1 branch of the dungeon, and saw 6 of its levels.

You collected 242 gold pieces.

Inventory:

Hand Weapons
 a - a +0 long sword
 p - a +0 dagger
 r - a +0 club
 s - a +0 hand axe of freezing
 x - a +0 trident
 z - a +5 dagger of speed
 C - a +0 mace
 D - a +2 quarterstaff of chaos
 I - a +3 spear
 M - a +0 long sword of holy wrath (weapon)
 N - a +0 giant spiked club
Armour
 b - a +0 scale mail (worn)
 c - a +0 shield (worn)
 k - a +0 scale mail
 q - a +0 robe
 y - a +1 helmet of intelligence (worn)
 E - a +0 cloak (worn)
 G - a cursed +0 buckler
 K - a +0 pair of gloves (worn)
Jewellery
 m - an uncursed ring of poison resistance {unknown}
Wands
 t - a wand of iceblast (20)
 w - a wand of polymorph (10)
 J - a wand of disintegration (11)
Scrolls
 e - 3 scrolls of fear {unknown}
 g - 7 scrolls of identify {unknown}
 h - 2 scrolls of remove curse {unknown}
 j - 2 scrolls of fog {unknown}
 l - a scroll of blinking {unknown}
 o - a scroll of amnesia {unknown}
 u - 2 scrolls of teleportation {unknown}
 A - 2 scrolls of enchant weapon {unknown}
 B - a scroll of enchant armour {unknown}
 F - a scroll of magic mapping {unknown}
Potions
 d - a potion of might
 i - a potion of lignification {unknown}
 n - 2 potions of berserk rage
 v - 2 potions of degeneration {unknown}
 H - a potion of haste {unknown}
 L - a potion of ambrosia {unknown}
Comestibles
 f - 6 rations


   Skills:
 + Level 4.9 Fighting
 + Level 4.3 Long Blades
 + Level 5.0 Axes
 + Level 4.9 Armour
 + Level 1.5 Dodging
 + Level 0.4 Stealth
 + Level 5.0 Shields


You had 6 spell levels left.
You didn't know any spells.
Your spell library contained the following spells:

 Spells                   Type           Power        Failure   Level  Hunger
 Animate Skeleton         Necr           N/A          97%         1    ##.....
 Pain                     Necr           #...         97%         1    ##.....
 Sublimation of Blood     Necr           #.........   99%         2    ###....
 Vampiric Draining        Necr           #.........   100%        3    ####...


Dungeon Overview and Level Annotations

Branches:
Dungeon (6/15)             Temple (0/1) D:6

Altars:
Ashenzari
Kikubaaqudgha
Okawaru
Trog

Annotations:
D:5 Menkaure
D:6 Pikel


Message History

Menkaure grins.
You block the slave's attack. You block Menkaure's attack.
You block Menkaure's attack.
Menkaure gestures at you while chanting.
You struggle to resist.
Menkaure gestures at you while chanting.
You struggle to resist.
You block Menkaure's attack.
Menkaure murmurs, "Let me perform the rites..."
Menkaure barely misses you.
Menkaure gestures at you while chanting.
Pain shoots through your body!
* * * LOW HITPOINT WARNING * * *
Menkaure gestures at you while chanting.
Pain shoots through your body!
* * * LOW HITPOINT WARNING * * *
Menkaure hits you!
You die...
Kikubaaqudgha rasps: "You have failed me!
Welcome... death!"

#..#..# ###.## #####
#.##..#####.## #_._#
..##....##...# #...#
###.# ###...#...###...#
###... #...#....##...#
##..### ###.#..####...#
......# #.#....##...#
...##.# #......###)##
...##.#######.#M@#...<..#
....#........p...###...##
.......#####.....# #####
#....#.## #..#..#
###.....# #.(#..# #
#...######...#.## #
##..####...#.#..#
####......>###....##
.....####..####....#


You could see a slave and Menkaure.

Vanquished Creatures
  An ice beast (D:5)
  An ogre (D:6)
  A vampire bat (D:2)
  A howler monkey (D:5)
  2 orc priests
  A jelly (D:5)
  2 orc wizards
  Crazy Yiuf (D:4)
  A centaur skeleton (D:4)
  Ijyb (D:4)
  A worker ant (D:5)
  Robin (D:3)
  2 adders (D:3)
  A shadow imp (D:5)
  An ooze (D:5)
  5 worms
  3 dart slugs (D:1)
  5 leopard geckos
  14 orcs
  4 bats
  6 bat zombies (D:2)
  4 giant cockroaches
  18 goblins
  9 hobgoblins
  2 jackals (D:5)
  2 quokkas
  2 ball pythons
  4 frilled lizards
  12 kobolds
  A leopard gecko skeleton (D:4)
  2 quokka skeletons (D:4)
  7 rats
118 creatures vanquished.

Notes
Turn   | Place    | Note
-------+----------+-------------------------------------------
     0 | D:1      | epix the Hill Orc Fighter began the quest for the Orb.
     0 | D:1      | Reached XP level 1. HP: 19/19 MP: 1/1
    59 | D:1      | Reached XP level 2. HP: 27/27 MP: 2/2
   205 | D:1      | Reached XP level 3. HP: 27/33 MP: 3/3
  1498 | D:2      | Found an ancient bone altar of Kikubaaqudgha.
  1540 | D:2      | Became a worshipper of Kikubaaqudgha
  1608 | D:2      | Reached XP level 4. HP: 20/40 MP: 4/4
  1655 | D:2      | Paralysed by fainting for 10 turns
  2357 | D:3      | Reached XP level 5. HP: 39/47 MP: 5/5
  2622 | D:3      | Found a shattered altar of Ashenzari.
  2779 | D:4      | Noticed Robin
  2958 | D:3      | HP: 1/47 [orc wizard/magic dart (2)]
  2966 | D:2      | HP: 2/47 [orc (1)]
  3043 | D:2      | Reached skill level 1 in Dodging
  3673 | D:3      | Reached * piety under Kikubaaqudgha
  3673 | D:3      | Identified Kikubaaqudgha's Handbook of Evil Secrets
                  | (Kikubaaqudgha gifted it to you on level 3 of the Dungeon)
  3673 | D:3      | Received a gift from Kikubaaqudgha
  3681 | D:3      | Paralysed by fainting for 11 turns
  3797 | D:3      | Reached XP level 6. HP: 31/53 MP: 6/6
  4469 | D:3      | Killed Robin
  4858 | D:4      | Noticed Ijyb
  4881 | D:4      | Killed Ijyb
  4881 | D:4      | Reached skill level 1 in Axes
  5073 | D:4      | Found a runed translucent door.
  5074 | D:4      | Noticed Crazy Yiuf
  5087 | D:4      | Killed Crazy Yiuf
  5581 | D:5      | Entered Level 5 of the Dungeon
  5630 | D:5      | Found an iron altar of Okawaru.
  5630 | D:5      | Found a bloodstained altar of Trog.
  5801 | D:5      | Reached XP level 7. HP: 11/60 MP: 7/7
  6987 | D:6      | Reached skill level 5 in Axes
  6987 | D:6      | Reached skill level 5 in Shields
  7059 | D:6      | Found a staircase to the Ecumenical Temple.
  7060 | D:6      | Noticed Menkaure
  7060 | D:6      | Noticed Pikel
  7139 | D:5      | HP: 1/60 [Menkaure/nerve-wracking pain (9)]
  7144 | D:5      | Mangled by Menkaure

Levels and vault maps discovered:
D:1:      ncdulo_wetmaze, layout_rooms, minivault_24, hangedman_feature_mirror,
          hangedman_decor_clover_reticule
D:2:      layout_loops_ring, kennysheep_vampire_church, minmay_misc_feat_pillars
D:3:      layout_loops_corners, cheibrodos_ashenzari_chains
D:4:      layout_loops_ring, uniq_ijyb, uniq_robin, uniq_crazy_yiuf_cottage
D:5:      layout_rooms, grunt_temple_overflow_bloody_war, first_ration
D:6:      layout_basic, chequers_temple_overflow_minitemple,
          minmay_temple_entry_mist, serial_shops, shop_statue, uniq_menkaure,
          uniq_pikel

Skill      XL: |  1  2  3  4  5  6  7 |
---------------+----------------------+-----
Fighting       | 4 |  4.9
Long Blades    | 3 4 |  4.3
Shields        | 4 5 |  5.0
Dodging        | 1 |  1.5
Armour         | 4 |  4.9
Axes           | 3 5 |  5.0
Stealth        | |  0.4

Action                   |  1- 3 |  4- 6 |  7- 9 || total
-------------------------+-------+-------+-------++-------
Melee: Long sword        |   140 |   146 |    23 ||   309
       Hand axe          |       |   156 |    32 ||   188
  Eat: Ration            |       |     5 |     1 ||     6
Armor: Scale mail        |   142 |   155 |    27 ||   324
Dodge: Dodged            |    87 |   114 |    23 ||   224
Block: Shield            |   133 |   191 |    38 ||   362
       Rpst.: Long sword |    27 |    21 |     3 ||    51
